 Dungeon Crawl Stone Soup version 0.27.1-2-g3b301248ec (webtiles) character file.

Game seed: 5666291543432989110

2822 Borgoz the Carver (level 9, -3/81 HPs)
             Began as a Minotaur Gladiator on Sept 28, 2021.
             Was a Follower of Okawaru.
             Slain by a killer bee (6 damage)
             ... on level 6 of the Dungeon.
             The game lasted 00:07:30 (5973 turns).

Borgoz the Carver (Minotaur Gladiator)              Turns: 5973, Time: 00:07:31

Health: -3/81      AC: 16    Str: 18    XL:     9   Next: 45%
Magic:  8/8        EV:  8    Int:  5    God:    Okawaru [*.....]
Gold:   244        SH:  5    Dex: 16    Spells: 8/8 levels left

rFire    + + .     SeeInvis .   a - +0 long sword
rCold    . . .     Faith    .   s - +0 buckler
rNeg     . . .     Spirit   .   f - +0 plate armour
rPois    .         Reflect  .   c - +0 hat
rElec    .         Harm     .   k - +2 cloak
rCorr    .         Rampage  .   (no gloves)
Will     .....                  (no boots)
Stlth    ..........             (no amulet)
HPRegen  0.23/turn              g - ring of protection from fire
MPRegen  0.11/turn              h - ring of protection from fire

@: marked
A: horns 2, retaliatory headbutt
a: Renounce Religion, Heroism


You were on level 6 of the Dungeon.
You worshipped Okawaru.
Okawaru was aware of your devotion.
You visited 2 branches of the dungeon, and saw 7 of its levels.

You collected 244 gold pieces.

Inventory:

Hand Weapons
 a - a +0 long sword (weapon)
Missiles
 d - 6 throwing nets (quivered)
Armour
 c - a +0 hat (worn)
 f - a +0 plate armour (worn)
 k - a +2 cloak (worn)
 s - a +0 buckler (worn)
Jewellery
 g - a ring of protection from fire (left hand)
 h - a ring of protection from fire (right hand)
Wands
 q - a wand of digging (2)
Scrolls
 j - 4 scrolls of teleportation {unknown}
 l - a scroll of torment {unknown}
 m - a scroll of silence {unknown}
 n - a scroll of vulnerability {unknown}
 o - a scroll of enchant weapon {unknown}
 r - a scroll of blinking {unknown}
Potions
 b - 3 potions of brilliance
 p - 2 potions of magic {unknown}
 t - a potion of lignification {unknown}
 u - a potion of haste {unknown}


   Skills:
 + Level 8.1 Fighting
 + Level 8.4 Long Blades
 - Level 2.0 Throwing
 + Level 7.5 Armour
 + Level 7.8 Dodging
 + Level 2.8 Shields


You had 8 spell levels left.
You didn't know any spells.
Your spell library contained the following spells:

 Spells                   Type           Power      Damage    Failure   Level
 Slow                     Hex            0%         N/A       100%        2
 Confusing Touch          Hex            0%         N/A       100%        3
 Yara's Violent Unravell  Hex/Tmut       0%         3d3       100%        5


Dungeon Overview and Level Annotations

Branches:
Dungeon (6/15)             Temple (1/1) D:4

Altars:
Cheibriados
Dithmenos
Elyvilon
Fedhas
Gozag
Hepliaklqana
Kikubaaqudgha
Makhleb
Okawaru
Qazlal
Ru
Trog
Uskayaw
Vehumet
Wu Jian
Xom
Zin
The Shining One

Shops:
D:2 (   D:4 [

Annotations:
D:3 3 runed translucent doors, loralnil's ghost, amateur MfTm
D:6 Duvessa


Innate Abilities, Weirdness & Mutations

You have a pair of horns on your head.
You reflexively headbutt those who attack you in melee.


Message History

The killer bee is moderately wounded.
You block the killer bee's attack. The killer bee stings you.
* * * LOW HITPOINT WARNING * * *
You feel better. The killer bee stings you.
* * * LOW HITPOINT WARNING * * *
The killer bee barely misses you. You furiously retaliate!
You headbutt the killer bee!
You riposte.
You closely miss the killer bee. You headbutt the killer bee.
The killer bee is almost dead.
You hit the killer bee.
You kill the killer bee!
Okawaru accepts your kill.
You hit the killer bee.
The killer bee is moderately wounded.
The killer bee barely misses you.
The killer bee stings you but does no damage.
You closely miss the killer bee.
The killer bee is moderately wounded.
The killer bee stings you.
* * * LOW HITPOINT WARNING * * *
The killer bee barely misses you.
You riposte.
You closely miss the killer bee.
The killer bee is moderately wounded.
The killer bee stings you!
* * * LOW HITPOINT WARNING * * *
You hit the killer bee but do no damage.
The killer bee is moderately wounded.
The killer bee barely misses you. You furiously retaliate!
You headbutt the killer bee, but do no damage.
Duvessa, Sister of Dowan comes into view.
She is wielding a +2 rapier of freezing.
The orc priest looks encouraged for a moment.
The killer bee barely misses you. You furiously retaliate!
You headbutt the killer bee. You hit the killer bee.
The killer bee is severely wounded.
You block the killer bee's attack.
The killer bee stings you but does no damage.
You hit the killer bee. Your headbutt misses the killer bee.
The killer bee is severely wounded.
The killer bee stings you.
You die...

#... #...
#...#####+##
#........!.#
#...)......#
#...e......#
###..[.....#
####o#######
#oy@....#
#######.#
###########.#
............#
.........####
.........)).#
..).......).#
##
.......$....#
...
.........#..#
....


You could see Duvessa, a killer bee, an orc priest and an orc.

Vanquished Creatures
  A two-headed ogre (D:4)
  Pikel (D:6)
  Grinder (D:5)
  Sigmund (D:5)
  Eustachio (D:5)
  A hornet zombie (D:4)
  2 ogres (D:4)
  A centaur (D:6)
  A wyvern zombie (D:6)
  A gnoll sergeant (D:6)
  2 scorpions
  2 killer bees (D:6)
  Crazy Yiuf (D:2)
  A gnoll shaman (D:5)
  An orc priest (D:6)
  3 hounds
  A bullfrog skeleton (D:6)
  4 orc wizards
  A hound skeleton (D:5)
  13 gnolls
  5 adders
  A shadow imp (D:6)
  A white imp (D:5)
  An ufetubus (D:4)
  An adder skeleton (D:4)
  A worm (D:2)
  17 orcs
  6 bats
  5 endoplasms
  7 giant cockroaches
  7 goblins
  7 hobgoblins
  4 jackals (D:1)
  6 kobolds
  4 quokkas
  5 ball pythons
  5 frilled lizards
  4 rats
127 creatures vanquished.

Vanquished Creatures (others)
  A giant cockroach (D:3)
  3 fungi (D:3)
  A plant (D:3)
5 creatures vanquished.

Grand Total: 132 creatures vanquished

Notes
Turn   | Place    | Note
-------+----------+-------------------------------------------
     0 | D:1      | Borgoz the Minotaur Gladiator began the quest for the Orb.
     0 | D:1      | Reached XP level 1. HP: 18/18 MP: 0/0
   269 | D:1      | Reached XP level 2. HP: 25/25 MP: 1/1
   350 | D:1      | Reached skill level 1 in Armour
   576 | D:1      | Reached XP level 3. HP: 29/31 MP: 2/2
  1169 | D:2      | Found a runed translucent door.
  1170 | D:2      | Noticed Crazy Yiuf
  1302 | D:2      | Reached XP level 4. HP: 33/38 MP: 3/3
  1576 | D:2      | Found Niciw's Weapon Shop.
  2154 | D:2      | Killed Crazy Yiuf
  2155 | D:2      | Reached XP level 5. HP: 21/46 MP: 4/4
  2506 | D:3      | Found an iron altar of Okawaru.
  2545 | D:3      | Found a runed translucent gate.
  2546 | D:3      | Found a runed translucent gate.
  2552 | D:3      | Found a radiant altar of Vehumet.
  2713 | D:3      | Noticed loralnil's ghost (amateur MfTm)
  3070 | D:3      | Found a runed translucent gate.
  3177 | D:4      | Found a staircase to the Ecumenical Temple.
  3190 | D:4      | Noticed an ogre
  3191 | D:4      | Noticed a two-headed ogre
  3211 | D:4      | Killed a two-headed ogre
  3212 | D:4      | Reached skill level 5 in Fighting
  3212 | D:4      | Reached skill level 5 in Dodging
  3212 | D:4      | Reached XP level 6. HP: 29/56 MP: 5/5
  3212 | D:4      | Reached XP level 7. HP: 32/61 MP: 6/6
  3216 | D:4      | Reached skill level 5 in Armour
  3375 | D:4      | Reached XP level 8. HP: 59/70 MP: 7/7
  3414 | Temple   | Entered the Ecumenical Temple
  3576 | D:3      | Became a worshipper of Warmaster Okawaru
  3975 | D:4      | Found Soock's Antique Armour Shoppe.
  4509 | D:5      | Entered Level 5 of the Dungeon
  4532 | D:5      | Noticed Grinder
  4548 | D:5      | Paralysed by Grinder for 5 turns
  4556 | D:5      | Killed Grinder
  4666 | D:5      | Found a shadowy altar of Dithmenos.
  4666 | D:5      | Noticed Eustachio
  4697 | D:5      | Killed Eustachio
  5139 | D:5      | Noticed Sigmund
  5152 | D:5      | Killed Sigmund
  5152 | D:5      | Reached * piety under Okawaru
  5273 | D:5      | Reached XP level 9. HP: 63/79 MP: 8/8
  5465 | D:5      | Found a bloodstained altar of Trog.
  5480 | D:5      | Found a burning altar of Makhleb.
  5482 | D:5      | Noticed an Executioner
  5644 | D:5      | Found an opulent altar of Gozag.
  5845 | D:6      | Reached skill level 1 in Shields
  5916 | D:6      | Noticed Pikel
  5933 | D:6      | Killed Pikel
  5970 | D:6      | HP: 2/81 [killer bee (7)]
  5971 | D:6      | Noticed Duvessa
  5973 | D:6      | Slain by a killer bee

Illustrated notes

Levels and vault maps discovered:
D:1:      psy_arrival_whirlpool, layout_basic
D:2:      layout_basic, serial_shops, nicolae_shop_competitors_out_of_business,
          uniq_crazy_yiuf_cottage
D:3:      layout_rooms, okawaru_metal_pillars_1_2, fiery_altar_vehumet,
          gammafunk_ghost_nasty_kobolds
D:4:      layout_basic, temple_pool_b, serial_shops, nicolae_lakefront_shop
D:5:      layout_loops_cross, makhleb_altar_promises_db, old_standard_altar,
          mainiacjoe_overflow_alcove_4, mainiacjoe_overflow_small_starburst,
          uniq_sigmund, uniq_grinder, uniq_eustachio
D:6:      layout_basic, yredelemnul_altar_generic,
          lightli_ossuary_entry_decrepit_ruins, uniq_pikel, uniq_duvessa,
          uniq_edmund
Temple:   nicolae_temple_hex_pool

Skill      XL: |  1  2  3  4  5  6  7  8  9 |
---------------+----------------------------+-----
Armour         | 1 2 4 5 6 7 |  7.5
Long Blades    | 4 6 7 8 |  8.4
Fighting       | 3 5 6 7 8 |  8.1
Dodging        | 4 5 6 7 |  7.8
Shields        | 2 |  2.8
Throwing       | |  2.0

Action                   |  1- 3 |  4- 6 |  7- 9 || total
-------------------------+-------+-------+-------++-------
Melee: Long sword        |   106 |    88 |   229 ||   423
       Headbutt          |     9 |    20 |    61 ||    90
Throw: Throwing net      |       |     2 |     3 ||     5
  Use: Scroll            |     1 |     2 |     1 ||     4
       Potion            |       |     1 |     6 ||     7
 Stab: Held in net/web   |       |     1 |     3 ||     4
Armor: Plate armour      |    81 |    64 |   214 ||   359
       Leather armour    |     1 |       |       ||     1
Dodge: Dodged            |    32 |    21 |   126 ||   179
Block: Buckler           |       |       |    24 ||    24
       Rpst.: Long sword |     7 |     7 |    31 ||    45
